 Dungeon Crawl Stone Soup version 0.23.2-1-ga50397a6bc (webtiles) character file.

Game seed: 14207961419864843375

644 Mrkan the Cudgeler (level 7, 0/44 HPs)
             Began as a Gargoyle Fighter on May 17, 2019.
             Slain by a killer bee (3 damage)
             ... on level 5 of the Dungeon.
             The game lasted 00:10:38 (3782 turns).

Mrkan the Cudgeler (Gargoyle Fighter)               Turns: 3782, Time: 00:10:39

Health: 0/44       AC: 16    Str: 19    XL:     7   Next: 52%
Magic:  7/7        EV:  3    Int: 11    God:
Gold:   336        SH:  9    Dex:  9    Spells: 6/6 levels left

rFire    . . .     SeeInvis .   x - +1 flail (holy)
rCold    . . .     Gourm    .   c - +0 shield
rNeg     + . .     Faith    .   C - +0 plate armour
rPois    ∞         Spirit   .   (no helmet)
rElec    +         Reflect  .   (no cloak)
rCorr    .         Harm     .   (no gloves)
MR       .....                  (no boots)
Stlth    ..........             (no amulet)
HPRegen  0.14/turn              (no ring)
MPRegen  0.10/turn              (no ring)

@: no status effects
A: negative energy resistance 1, electricity resistance, unbreathing,
petrification resistance, rot immunity, AC +4
a: no special abilities


You were on level 5 of the Dungeon.
You were not hungry.

You visited 1 branch of the dungeon, and saw 5 of its levels.

You collected 336 gold pieces.

Inventory:

Hand Weapons
 a - a +0 flail
 x - a +1 flail of holy wrath (weapon)
Armour
 b - a +0 scale mail
 c - a +0 shield (worn)
 t - a +2 pair of boots
 A - a scarf of spirit shield
 C - a +0 plate armour (worn)
Jewellery
 g - an uncursed amulet of faith {unknown}
 h - an uncursed amulet of regeneration {unknown}
 i - an uncursed ring of resist corrosion {unknown}
 p - an uncursed amulet of the acrobat {unknown}
 u - a cursed amulet of inaccuracy {unknown}
 y - an uncursed ring of wizardry {unknown}
Scrolls
 e - a scroll of teleportation {unknown}
 l - 3 scrolls of amnesia {unknown}
 m - a scroll of noise {unknown}
 o - 2 scrolls of enchant weapon {unknown}
 r - 3 scrolls of identify {unknown}
 w - a scroll of magic mapping {unknown}
 z - a scroll of remove curse {unknown}
 B - a scroll of immolation {unknown}
Potions
 d - 2 potions of might
 j - 2 potions of cancellation {unknown}
 k - a potion of ambrosia {unknown}
 n - a potion of curing {unknown}
 q - a potion of agility {unknown}
 s - a potion of haste {unknown}
 v - 2 potions of heal wounds
 D - a potion of brilliance {unknown}
Comestibles
 f - 14 rations


   Skills:
 + Level 5.4 Fighting
 * Level 5.9 Maces & Flails
 - Level 3.2 Armour
 + Level 5.4 Shields


You had 6 spell levels left.
You didn't know any spells.
Your spell library was empty.

Dungeon Overview and Level Annotations

Branches:
Dungeon (5/15)
 Temple: D:4-7

Altars:
Dithmenos


Innate Abilities, Weirdness & Mutations

You are resistant to torment.
Your stone body is resilient. (AC +4)
You are immune to poison.
You resist negative energy. (rN+)
You are resistant to electric shocks. (rElec)
You can survive without breathing.
You are immune to petrification.
You are immune to rotting.


Message History

The killer bee is severely wounded.
You block the killer bee's attack. The killer bee barely misses you.
You closely miss the killer bee.
The killer bee is heavily wounded.
The killer bee stings you but does no damage.
The killer bee barely misses you. You block the killer bee's attack.
You hit the killer bee.
The killer bee is severely wounded.
The killer bee stings you.
* * * LOW HITPOINT WARNING * * *
The killer bee stings you but does no damage.
You hit the killer bee but do no damage.
The killer bee is severely wounded.
You block the killer bee's attack. x2; The killer bee stings you.
* * * LOW HITPOINT WARNING * * *
You sock the killer bee!
You kill the killer bee!
The killer bee stings you but does no damage.
You barely miss the killer bee. The killer bee stings you.
You die...

#.....#
#......#
.......#
#......#
.##.##.##
#......# . #.
#.# #......# #.
#### #....#.#
#..########.#.#
#(.'.#......#.#
####...###....#
###@# #....#
#y# ###..#
#..y..# #..#
#####.# ##># .#
### #


You could see 2 killer bees.

Vanquished Creatures
  A phantom (D:4)
  2 killer bees (D:5)
  A bullfrog skeleton (D:5)
  2 orc priests
  3 worker ants
  6 orc wizards
  2 adders
  A shadow imp (D:2)
  An ooze (D:1)
  A dart slug (D:3)
  2 leopard geckos
  16 orcs
  4 bats
  3 giant cockroaches
  7 goblins
  10 hobgoblins
  10 jackals (D:2)
  7 kobolds
  2 quokkas
  A ball python (D:3)
  4 frilled lizards
  2 rats
88 creatures vanquished.

Vanquished Creatures (others)
  An orc wizard (D:5)
1 creature vanquished.

Grand Total: 89 creatures vanquished

Notes
Turn   | Place    | Note
-------+----------+-------------------------------------------
     0 | D:1      | Mrkan the Gargoyle Fighter began the quest for the Orb.
     0 | D:1      | Reached XP level 1. HP: 14/14 MP: 1/1
   229 | D:1      | Reached XP level 2. HP: 18/19 MP: 2/2
   782 | D:2      | Reached XP level 3. HP: 20/23 MP: 3/3
   958 | D:2      | You fall through a shaft!
  1210 | D:2      | Reached XP level 4. HP: 22/29 MP: 4/4
  1604 | D:3      | Found a faded altar of an unknown god.
  1647 | D:3      | Reached XP level 5. HP: 25/33 MP: 5/5
  2270 | D:4      | Found a shadowy altar of Dithmenos.
  2533 | D:4      | Noticed a phantom
  2595 | D:4      | Killed a phantom
  2595 | D:4      | Reached XP level 6. HP: 21/39 MP: 6/6
  2912 | D:5      | Entered Level 5 of the Dungeon
  3100 | D:4      | Reached skill level 5 in Maces & Flails
  3296 | D:5      | Reached skill level 5 in Shields
  3573 | D:5      | Reached skill level 5 in Fighting
  3573 | D:5      | Reached XP level 7. HP: 44/44 MP: 7/7
  3782 | D:5      | Slain by a killer bee

Skill      XL: |  1  2  3  4  5  6 |
---------------+-------------------+-----
Maces & Flails | 3 4 5 |  5.9
Fighting       | 4 5 |  5.4
Shields        | 4 5 |  5.4
Armour         | |  3.2

Action                   |  1- 3 |  4- 6 |  7- 9 || total
-------------------------+-------+-------+-------++-------
Melee: Flail             |   138 |   226 |    96 ||   460
  Use: Potion            |       |       |     1 ||     1
  Eat: Chunk             |     1 |     6 |       ||     7
       Ration            |       |     1 |       ||     1
Armor: Scale mail        |   103 |   153 |       ||   256
       Plate armour      |       |     1 |   114 ||   115
Dodge: Dodged            |    72 |    74 |     6 ||   152
Block: Shield            |    82 |   116 |    47 ||   245
